 Dungeon Crawl Stone Soup version 0.21.0-3-g78d12a8 (webtiles) character file.

196 letownia2 the Thaumaturge (level 5, -1/49 HPs)
             Began as a Vine Stalker Wizard on Jan 15, 2018.
             Was an Initiate of Gozag.
             Slain by a worm (4 damage)
             ... on level 4 of the Dungeon.
             The game lasted 00:06:35 (1040 turns).

letownia2 the Thaumaturge (Vine Stalker Wizard)     Turns: 1040, Time: 00:06:36

Health: -1/49      AC: 22    Str: 11    XL:     5   Next: 75%
Magic:  0/17       EV:  2    Int: 24    God:    Gozag
Gold:   34         SH:  0    Dex: 12    Spells: 12/21 levels left

rFire    x . .     SeeInvis .   t - +0 whip
rCold    + . .     Gourm    .   (no shield)
rNeg     + + +     Faith    .   (armour currently unavailable)
rPois    +         Spirit   +   (helmet currently unavailable)
rElec    .         Reflect  .   (cloak currently unavailable)
rCorr    .         Harm     .   (gloves currently unavailable)
MR       .....     NoTele   +   (boots currently unavailable)
Stlth    ++........             (no amulet)
HPRegen  0.56/turn              e - +6 ring of intelligence
MPRegen  0.15/turn              o - ring of ice (curse)

@: lethally poisoned (-1 -> -1), tree-form, gold aura, very slightly
contaminated, very slow
A: regeneration 1, magic shield, no potion heal 3, rot immunity
a: Potion Petition, Call Merchant, Bribe Branch, Renounce Religion


You were on level 4 of the Dungeon.
You worshipped Gozag.
Gozag was noncommittal.
You were hungry.
You were a tree.
You visited 2 branches of the dungeon, and saw 5 of its levels.

You collected 98 gold pieces.
You paid 64 gold pieces to Gozag.

Inventory:

Hand Weapons
 t - a +0 whip (weapon)
Missiles
 h - 6 javelins (quivered)
Armour
 a - a +0 robe
 b - a +0 hat (melded)
 p - a +0 ring mail (melded)
Jewellery
 e - a +6 ring of intelligence (left branch)
 o - a cursed ring of ice (right branch)
Scrolls
 f - a scroll of enchant armour {unknown}
 g - a scroll of identify {unknown}
 i - a scroll of blinking {unknown}
 l - a scroll of fog {unknown}
 m - 2 scrolls of magic mapping {unknown}
 n - a scroll of teleportation {unknown}
 r - a scroll of noise {unknown}
 s - 2 scrolls of remove curse {unknown}
Potions
 j - a potion of lignification
Books
 c - a book of Minor Magic

   Spells                             Type                      Level
   a - Magic Dart                     Conjuration                  1
   b - Blink                          Translocation                2
   c - Call Imp                       Summoning                    2
   d - Slow                           Hexes                        2
   e - Conjure Flame                  Conjuration/Fire             3
   f - Mephitic Cloud                 Conjuration/Poison/Air       3
Comestibles
 d - a ration


   Skills:
 - Level 7.2 Fighting
 + Level 0.8 Armour
 - Level 1.5 Dodging
 - Level 2.4 Stealth
 - Level 8.7 Spellcasting
 + Level 3.3 Conjurations
   Level 1.0 Summonings
 - Level 1.0 Translocations
 + Level 1.0 Fire Magic
 + Level 1.0 Air Magic
 + Level 1.0 Poison Magic


You had 12 spell levels left.
You knew the following spells:

 Your Spells              Type           Power        Failure   Level  Hunger
a - Magic Dart            Conj           ####         1%          1    None
b - Blink                 Tloc           N/A          6%          2    None
c - Conjure Flame         Conj/Fire      ###.....     7%          3    None
e - Mephitic Cloud        Conj/Pois/Air  ###.....     9%          3    None


Dungeon Overview and Level Annotations

Branches:
Dungeon (4/15)             Temple (1/1) D:4

Altars:
Ashenzari
Elyvilon
Gozag
Kikubaaqudgha
Makhleb
Nemelex Xobeh
Trog
Vehumet
Zin
The Shining One


Innate Abilities, Weirdness & Mutations

((You have extremely sharp teeth.))
Your natural rate of healing is unusually fast.
When hurt, damage is shared between your health and your magic reserves.
((Your bite disrupts and absorbs the magic of your enemies.))
Potions cannot restore your health.
You are immune to rotting.


Message History

The adder is moderately wounded.
The adder bites you but does no damage. The worm bites you but does no damage.
Unknown command.
Unknown command.
You hit the adder.
The adder is almost dead.
The adder bites you but does no damage. x2
Unknown command.
Unknown command.
You barely miss the adder.
The adder is almost dead.
You feel sick. The worm completely misses you.
The adder bites you but does no damage.
Unknown command.
Unknown command.
You hit the adder.
You kill the adder!
The worm bites you.
You die...
Your body crumbles into a pile of gold.

......<# #######
###..÷## #≈≈...# #
##.## #≈≈≈..#
####.###≈#######≈#...#
.##(..#≈≈≈w≈≈w≈#≈≈≈..##
#####.# #####≈#≈#≈..%#
≈≈≈≈#.# #≈≈≈≈≈#≈$(≈..#
≈≈≈≈#.#≈≈≈≈#≈#w#w#$.w.#
≈≈≈≈#.### #≈#≈#♣#≈...#
#≈≈≈#.# ≈≈#≈$$#....#
#####.## ########..$.#
.......###### #(###..#
#####.......# #......#
#≈≈≈#..####.# #.######
≈≈≈≈#### #.# #.# ≈≈≈≈#
#.# #.#
≈≈≈≈#######.####.#


You could see a worm.

Vanquished Creatures
  A worker ant (D:4)
  A gnoll (D:4)
  5 adders
  An ooze (D:3)
  2 worms (D:4)
  A bat (D:2)
  2 goblins (D:2)
  2 kobolds (D:2)
  9 rats
24 creatures vanquished.

Notes
Turn   | Place    | Note
-------+----------+-------------------------------------------
     0 | D:1      | letownia2 the Vine Stalker Wizard began the quest for the Orb.
     0 | D:1      | Reached XP level 1. HP: 9/9 MP: 5/5
    45 | D:2      | Found a burning altar of Makhleb.
   199 | D:2      | Reached XP level 2. HP: 10/13 MP: 4/7
   407 | D:3      | Found a faded altar of an unknown god.
   536 | D:4      | Noticed an ogre
   633 | D:4      | Reached XP level 3. HP: 15/16 MP: 2/8
   642 | D:4      | Learned a level 3 spell: Mephitic Cloud
   646 | D:4      | Learned a level 3 spell: Conjure Flame
   661 | D:4      | Found a staircase to the Ecumenical Temple.
   815 | D:4      | Gained mutation: Your natural rate of healing is unusually fast. [Vine Stalker growth]
   815 | D:4      | Reached XP level 4. HP: 20/21 MP: 1/9
   876 | Temple   | Entered the Ecumenical Temple
   885 | Temple   | Became a worshipper of Gozag Ym Sagoz the Greedy
   968 | D:4      | Reached skill level 1 in Fire Magic
   968 | D:4      | Reached skill level 1 in Air Magic
   968 | D:4      | Reached skill level 1 in Poison Magic
  1003 | D:4      | Learned a level 2 spell: Blink
  1033 | D:4      | Reached skill level 8 in Spellcasting
  1033 | D:4      | Reached XP level 5. HP: 5/33 MP: 0/17
  1033 | D:4      | HP: 1/49 [worm (3)]
  1039 | D:4      | HP: 2/49 [poisoned by an adder]
  1040 | D:4      | Slain by a worm

Skill      XL: |  1  2  3  4 |
---------------+-------------+-----
Conjurations   | 2 3 |  3.3
Fire Magic     | 1 |  1.0
Air Magic      | 1 |  1.0
Poison Magic   | 1 |  1.0
Fighting       | 7 |  7.2
Spellcasting   | 8 |  8.7
Armour         | |  0.8
Dodging        | |  1.5
Stealth        | |  2.4
Summonings     | |  1.0
Translocations | |  1.0

Action                   |  1- 3 |  4- 6 || total
-------------------------+-------+-------++-------
Melee: Unarmed           |     1 |       ||     1
       Whip              |       |    25 ||    25
       Bite              |       |     4 ||     4
Throw: Javelin           |     3 |     7 ||    10
 Cast: Magic Dart        |    37 |     8 ||    45
       Mephitic Cloud    |     1 |     3 ||     4
  Use: Potion            |       |     2 ||     2
Armor: Ring mail         |     4 |     7 ||    11
       Skin              |       |    12 ||    12
Dodge: Dodged            |    10 |    11 ||    21
